Map: Catalyst LE

Players

KingRado - Winner!

  • Race: Zerg Zerg
  • League: Diamond
  • Spawn Location: 11:00

Jonathas

  • Race: Terran Terran
  • League: Diamond
  • Spawn Location: 5:00

VOD

Have the link to the VOD?

Description

Time

  • Played on: Dec. 17, 2017, 6:31 a.m.
  • Length: 14:38
Show
View Real Time Build Order
Export as new Build Order

KingRado Zerg - Winner!

Build Orders: Hatch First 

Get SALT Encoding   

  12  0:01  Drone  
  13  0:12  Overlord  
  13  0:19  Drone  
  14  0:23  Extractor  
  14  0:24  Drone  
  15  0:32  Drone  
  15  0:35  Drone  
  17  0:56  Hatchery  
  16  0:59  Drone  
  17  1:12  Spawning Pool  
  17  1:14  Drone  
  17  1:18  Extractor  
  16  1:20  Drone  
  16  1:22  Drone  
  18  1:28  Drone  
  19  1:39  Overlord  
  19  1:59  Queen  
  19  2:00  Zergling x2  
  22  2:01  Zergling x2  
  22  2:08  Queen, Zergling x2  
  24  2:13  Drone  
  27  2:18  Drone  
  27  2:19  Metabolic Boost  
  28  2:23  Drone  
  29  2:30  Drone  
  29  2:33  Overlord  
  30  2:41  Drone  
  31  2:54  Drone x3  
  34  3:02  Drone  
  35  3:07  Lair  
  35  3:08  Drone x4  
  35  3:12  Overlord  
  39  3:16  Queen  
  41  3:22  Drone x2  
  43  3:30  Drone  
  43  3:32  Overlord  
  44  3:44  Drone  
  44  3:46  Drone x3  
  44  3:47  Extractor  
  47  4:00  Hatchery  
  46  4:10  Spire  
  46  4:11  Zergling x4  
  46  4:12  Zergling x12  
  53  4:18  Extractor  
  53  4:21  Spine Crawler  
  51  4:31  Overlord  
  51  4:32  Overlord x2  
  51  4:37  Zergling x10  
  55  4:46  Spine Crawler  
  55  4:47  Zergling x2  
  55  4:48  Zergling x2  
  52  5:02  Zergling x10  
  42  5:14  Zergling x2  
  42  5:15  Zergling x8  
  39  5:23  Mutalisk x2  
  32  5:30  Mutalisk  
  32  5:32  Queen  
  32  5:34  Zergling x6  
  37  5:38  Mutalisk  
  37  5:55  Zergling x4  
  33  6:01  Zergling x8  
  34  6:09  Zergling x4  
  28  6:25  Zergling x2  
  28  6:26  Zergling x8  
  32  6:39  Drone  
  33  6:41  Drone  
  34  6:55  Queen  
  34  6:57  Drone x3  
  39  7:13  Drone x2  
  41  7:31  Baneling Nest, Drone x5, Extractor  
  44  7:38  Queen  
  44  7:41  Drone  
  44  7:42  Drone  
  48  7:47  Drone  
  49  8:00  Drone x2  
  51  8:16  Drone x2  
  51  8:17  Mutalisk x2  
  57  8:32  Baneling x4  
  57  8:33  Baneling  
  57  8:35  Zergling x4  
  57  8:36  Zergling x8  
  57  8:39  Drone x3  
  66  8:47  Zergling x2  
  66  8:48  Zergling x4  
  69  8:50  Baneling x4  
  69  8:53  Zergling x4  
  70  9:01  Zergling x4  
  55  9:05  Zergling x6  
  55  9:07  Baneling x2  
  58  9:15  Zergling x2  
  58  9:16  Zergling x2  
  54  9:24  Zergling x4  
  52  9:36  Zergling x10  
  57  9:45  Extractor  
  57  9:48  Mutalisk, Hatchery  
  57  9:49  Mutalisk  
  59  9:56  Drone x2  
  61  10:07  Mutalisk  
  61  10:09  Drone x2  
  61  10:12  Extractor  
  64  10:15  Zergling x6  
  64  10:20  Baneling x4  
  64  10:33  Mutalisk  
  66  10:36  Drone x5  
  71  10:45  Centrifical Hooks  
  71  10:54  Baneling x4  
  71  10:55  Baneling  
  71  10:57  Zergling x8  
  72  11:02  Queen  
  77  11:04  Drone x2  
  77  11:05  Drone  
  80  11:12  Overlord x2  
  80  11:20  Baneling x5  
  80  11:21  Baneling  
  80  11:22  Drone  
  81  11:36  Mutalisk x3  
  87  11:44  Drone x3  
  90  12:03  Mutalisk  
  90  12:04  Mutalisk x2  
  90  12:05  Overlord  
  90  12:06  Overlord x2  
  96  12:18  Evolution Chamber x2  
  96  12:19  Hatchery  
  93  12:25  Mutalisk x2  
  97  12:30  Zergling x6  
  97  12:33  Baneling x4  
  97  12:34  Baneling  
  100  12:38  Overlord  
  100  12:40  Drone  
  101  12:50  Overlord x2  
  101  12:53  Mutalisk  
  101  12:58  Drone x2  
  105  13:03  Baneling  
  105  13:04  Baneling x5  
  105  13:21  Infestation Pit  
  105  13:26  Mutalisk x4  
  112  13:35  Zergling x10  
  117  13:46  Mutalisk x3  
  123  13:49  Zergling x2  
  123  13:50  Drone  
  123  13:51  Drone  
  126  14:04  Baneling x2  
  126  14:05  Baneling  
Show
View Real Time Build Order
Export as new Build Order

Jonathas Terran 

Build Orders: Cyclone Opening 

Get SALT Encoding   

  12  0:02  SCV  
  14  0:14  SCV  
  14  0:18  Supply Depot  
  14  0:26  SCV  
  15  0:29  Refinery  
  15  0:40  SCV  
  16  0:47  Barracks  
  16  0:52  SCV  
  17  0:58  Refinery  
  17  1:04  SCV  
  18  1:16  SCV  
  18  1:17  Supply Depot  
  19  1:32  SCV  
  20  1:36  Factory  
  20  1:40  Barracks Reactor  
  20  1:48  SCV  
  21  2:01  Orbital Command  
  21  2:27  Armory  
  21  2:28  Hellion  
  21  2:29  Marine  
  24  2:33  Cyclone  
  27  2:41  SCV  
  28  2:47  Marine  
  28  2:48  Supply Depot  
  29  3:05  Marine  
  30  3:09  Cyclone  
  30  3:10  Supply Depot  
  33  3:15  Hellion  
  35  3:20  Terran Vehicle Weapons Level 1  
  35  3:23  Marine  
  36  3:36  Hellbat  
  38  3:42  Supply Depot, Cyclone  
  38  3:43  Marine  
  42  3:59  Hellbat  
  42  4:01  Marine  
  45  4:14  Cyclone  
  48  4:29  Hellbat, Marine  
  51  4:46  Cyclone  
  51  4:47  Marine  
  55  5:02  Hellbat  
  55  5:05  Marine  
  49  5:18  Cyclone  
  52  5:23  Marine  
  52  5:24  Hellbat  
  55  5:51  Marine  
  55  5:52  Cyclone  
  55  5:56  Hellbat  
  46  6:09  Marine  
  47  6:17  Cyclone  
  45  6:25  Terran Vehicle And Ship Armor Level 1  
  42  6:27  Marine  
  38  6:38  Hellbat  
  40  6:44  Marine  
  41  6:49  Cyclone  
  44  7:01  Command Center  
  44  7:02  Supply Depot, Marine  
  45  7:11  Engineering Bay  
  45  7:20  Marine  
  46  7:25  Cyclone, Hellbat  
  51  7:34  Supply Depot  
  51  7:38  Marine  
  52  7:47  Hellbat  
  54  7:56  Missile Turret, Marine  
  55  8:06  Hellbat  
  55  8:08  Cyclone  
  60  8:13  Marine  
  61  8:31  Marine  
  62  8:41  Cyclone, Hellbat  
  67  8:49  Marine  
  51  9:07  Marine  
  42  9:25  Marine  
  37  9:35  Cyclone, Hellbat  
  42  9:42  Marine  
  43  9:56  Hellbat  
  45  10:01  Barracks Reactor  
  45  10:03  Orbital Command  
  45  10:07  Cyclone  
  48  10:23  Orbital Command  
  48  10:43  Terran Infantry Weapons Level 1  
  48  10:44  Terran Vehicle Weapons Level 2  
  48  10:47  Widow Mine  
  48  10:48  Widow Mine  
  52  10:53  Marine x2  
  54  11:04  SCV  
  54  11:05  SCV  
  56  11:16  SCV  
  56  11:17  Cyclone, Hellbat  
  62  11:33  SCV x2, Missile Turret  
  64  11:45  SCV x2  
  66  11:50  Marine x2  
  68  12:08  SCV x2, Marine x2  
  72  12:20  SCV  
  73  12:26  Marine x2  
  75  12:34  Cyclone, Hellbat  
  80  12:43  Marine  
  80  12:44  Marine  
  82  12:55  SCV x2  
  82  12:58  Command Center  
  84  13:01  Marine  
  85  13:07  SCV  
  86  13:18  Supply Depot  
  86  13:19  Supply Depot  
  86  13:28  Supply Depot  
  86  13:39  SCV, Marine x2  
  86  13:40  Hellbat  
  91  13:41  Supply Depot  
  91  13:44  Supply Depot  
  91  13:51  Supply Depot  
  90  14:14  Supply Depot  
Tags
 
Add a new tag
Caveats
  • Supply blocks, unpowered buildings, or Contaminate may cause inaccurate times.
  • Supply counts are checked every 10 seconds.